 Dungeon Crawl Stone Soup version 0.18-a0-1378-g7babcad (webtiles) character file.

207 Oddball22 the Grave Robber (level 5, -3/41 HPs)
             Began as a Demonspawn Necromancer on Feb 22, 2016.
             Slain by a killer bee zombie (6 damage)
             ... on level 3 of the Dungeon.
             The game lasted 00:08:03 (2922 turns).

Oddball22 the Grave Robber (Demonspawn Necromancer) Turns: 2922, Time: 00:08:03

Health: -3/41      AC:  6    Str:  9    XL:     5   Next: 54%
Magic:  8/8        EV: 13    Int: 16    God:
Gold:   137        SH:  0    Dex: 17    Spells: 3 memorised, 3 levels left

rFire  + . .     SeeInvis +     w - +5 short sword
rCold  + . .     Gourm    .     a - +0 robe
rNeg   . . .     Faith    .     (no shield)
rPois  +         Spirit   .     h - +1 helmet
rElec  +         Dismiss  .     (no cloak)
rCorr  +         Reflect  .     (no gloves)
SustAt .         Harm     .     (no boots)
MR     .....                    (no amulet)
Stlth  ++........               s - +3 ring of dexterity
                                l - ring of see invisible (curse)

@: resistant, not resistant to hostile enchantments, unstealthy
A: talons 1, slimy green scales 1, sense surroundings 1
a: no special abilities


You were on level 3 of the Dungeon.
You were not hungry.

You visited 1 branch of the dungeon, and saw 3 of its levels.

You collected 137 gold pieces.

Inventory:

Hand Weapons
 e - a +2 war axe of electrocution
 w - a +5 short sword (weapon)
Missiles
 u - a throwing net (quivered)
Armour
 a - a +0 robe (worn)
 h - a +1 helmet (worn)
 i - a +0 hat
Jewellery
 l - a cursed ring of see invisible (left hand)
 r - a +4 ring of evasion
 s - a +3 ring of dexterity (right hand)
Scrolls
 d - 3 scrolls of identify
Potions
 v - a potion of magic {unknown}
Books
 b - a book of Necromancy

   Spells                             Type                      Level
   a - Pain                           Necromancy                   1
   b - Animate Skeleton               Necromancy                   1
   c - Vampiric Draining              Necromancy                   3
   d - Regeneration                   Charms/Necromancy            3
   e - Animate Dead                   Necromancy                   4
   f - Control Undead                 Necromancy                   4
Comestibles
 c - 4 bread rations
 f - 4 meat rations
 g - 5 chunks of flesh
 m - a beef jerky
 p - a slice of pizza


   Skills:
 * Level 3.5 Fighting
 + Level 3.1 Dodging
 - Level 1.7 Stealth
 + Level 2.1 Unarmed Combat
 - Level 2.0 Spellcasting
 - Level 4.3 Necromancy


You had 3 spell levels left.
You knew the following spells:

 Your Spells              Type           Power        Failure   Level  Hunger
a - Pain                  Necr           ###.         4%          1    #......
b - Animate Skeleton      Necr           N/A          4%          1    #......
c - Vampiric Draining     Necr           ###.......   12%         3    ###....


Dungeon Overview and Level Annotations

Branches:
Dungeon (3/15)

Altars:
Ashenzari
Cheibriados
Elyvilon


Innate Abilities, Weirdness & Mutations

You have sharp toenails.
You are partially covered in slimy green scales (AC +2).
You passively map a small area around you.


Message History

The killer bee zombie barely misses you.
You are too injured to fight recklessly!
You hit the killer bee zombie. The killer bee zombie hits you.
* * * LOW HITPOINT WARNING * * *
The killer bee zombie hits you.
* * * LOW HITPOINT WARNING * * *
You barely miss the killer bee zombie.
The killer bee zombie barely misses you.
The killer bee zombie hits you but does no damage.
You hit the killer bee zombie.
The killer bee zombie barely misses you.
The killer bee zombie closely misses you.
You miss the killer bee zombie.
The killer bee zombie closely misses you. x2
Drink which item? (? for menu, Esc to quit)
It was a potion of resistance.
You feel protected.
The killer bee zombie hits you but does no damage.
The killer bee zombie hits you.
You die...

.. # #.#.# #.#.#
....############ *
................ ,
.#####..########* *
.###....# *
##....#.###########.####
................@..?...#
................Z......#
≈≈≈..≈≈≈.≈≈≈≈≈..≈.≈≈..≈#
≈≈≈≈≈≈≈≈≈≈≈≈≈≈≈≈≈≈≈≈≈≈≈#
≈≈≈≈≈≈≈≈≈≈≈≈≈≈≈≈≈≈≈≈≈≈≈#
≈≈≈≈≈≈≈≈≈#####≈≈≈≈≈≈≈≈≈#
##########, #≈≈≈≈≈≈≈≈≈#
, , #≈≈≈≈≈≈≈≈≈# , ,
#≈≈≈≈≈≈≈≈


You could see a killer bee zombie.

Vanquished Creatures
  2 orc priests (D:2)
  An orc wizard (D:3)
  6 adders
  2 giant geckos (D:2)
  7 orcs
  8 bats
  3 giant cockroaches
  5 goblins
  7 hobgoblins
  2 quokkas (D:2)
  2 giant newts
  8 kobolds
  9 rats
62 creatures vanquished.

Notes
Turn   | Place    | Note
--------------------------------------------------------------
     0 | D:1      | Oddball22 the Demonspawn Necromancer began the quest for the Orb.
     0 | D:1      | Reached XP level 1. HP: 13/13 MP: 3/3
   419 | D:1      | Reached skill level 1 in Fighting
   419 | D:1      | Gained mutation: You are partially covered in slimy green scales (AC +2). [demonic ancestry]
   419 | D:1      | Reached XP level 2. HP: 5/21 MP: 1/5
  1155 | D:2      | Reached skill level 1 in Unarmed Combat
  1155 | D:2      | Reached XP level 3. HP: 27/27 MP: 4/6
  1311 | D:2      | Learned a level 1 spell: Animate Skeleton
  1315 | D:2      | Learned a level 3 spell: Vampiric Draining
  1449 | D:2      | Found a shattered altar of Ashenzari.
  1962 | D:2      | Gained mutation: You have sharp toenails. [demonic ancestry]
  1962 | D:2      | Reached XP level 4. HP: 29/34 MP: 2/7
  2208 | D:2      | Gained mutation: You passively map a small area around you. [potion of beneficial mutation]
  2208 | D:2      | HP: 1/34 [orc priest/whip (4)]
  2571 | D:3      | Reached XP level 5. HP: 38/41 MP: 8/8
  2742 | D:3      | Found a white marble altar of Elyvilon.
  2764 | D:3      | Found a snail-covered altar of Cheibriados.
  2918 | D:3      | HP: 2/41 [killer bee zombie (2)]
  2922 | D:3      | Slain by a killer bee zombie

Vault maps used:
D:1:      mrwooster_arrival_statue_2
D:2:      nicolae_ashenzari_panopticon, roderic_roman_lattice
D:3:      minmay_goblin_kobold_castle, nicolae_overflow_hidden_temple,
          first_bread

Action                   |  1- 3 |  4- 6 || total
-------------------------+-------+-------++-------
Melee: Dagger            |    55 |       ||    55
       Short sword       |    15 |    46 ||    61
 Cast: Pain              |    41 |    33 ||    74
  Use: Scroll            |     4 |     1 ||     5
       Potion            |       |     5 ||     5
 Stab: Sleeping          |     2 |       ||     2
  Eat: Chunk             |     4 |     4 ||     8
